 Dungeon Crawl Stone Soup version 0.18-a0-1551-g40744a8 (webtiles) character file.

1854361 namelastname112 the Sensei (level 27, 254/254 HPs)
             Began as a Pale Draconian Monk on Mar 12, 2016.
             Was the Champion of Cheibriados.
             Escaped with the Orb
             ... and 3 runes!
             The game lasted 02:20:09 (60154 turns).

namelastname112 the Sensei (Pale Draconian Monk)   Turns: 60154, Time: 02:20:09

Health: 254/254    AC: 32    Str: 27    XL:     27
Magic:  26/26      EV: 44    Int: 28    God:    Cheibriados [******]
Gold:   6288       SH: 20    Dex: 42    Spells: 7 memorised, 22 levels left

rFire  + + +     SeeInvis +       - Unarmed
rCold  + . .     Gourm    .     (armour unavailable)
rNeg   . . .     Faith    .     X - +5 buckler "Kehau" {rElec Str+3 Stlth+}
rPois  +         Spirit   .     K - +2 hat {MR+}
rElec  +         Dismiss  .     T - +1 cloak of the Assorted Beggars {rPois rF+++ Str-3 Int-2}
rCorr  .         Reflect  +     N - +5 pair of gloves of Vixtoz {SInv}
SustAt .         Harm     .     D - +2 pair of boots {Fly}
MR     +++..     Clarity  +     f - +6 amulet of reflection
Stlth  ++........               n - ring of Xodet {*Drain EV+3 Dex+3 Slay+3}
                                L - +5 ring of protection

@: flying, deflect missiles, very slow, extremely resistant to hostile
enchantments, unstealthy
A: breathe steam, unfitting armour, big wings, camouflage 1, agile 1, blurry
vision 1, clarity, cold resistance 1, low mp 3, poison resistance, shaggy fur 1,
weak 1, cold-blooded, subdued magic 1, AC +13
a: Breathe Steam, Stop Flying, Bend Time, Temporal Distortion, Slouch, Step From
Time, Renounce Religion
0: Orb of Zot
}: 3/15 runes: barnacled, slimy, abyssal


You escaped.
You worshipped Cheibriados.
Cheibriados was exalted by your worship.
You were not hungry.

You visited 11 branches of the dungeon, and saw 56 of its levels.
You visited the Abyss 3 times.
You also visited: Labyrinth, Trove, Ice Cave and Wizlab.

You collected 9513 gold pieces.
You spent 3225 gold pieces at shops.

Inventory:

Armour
 p - the +2 cloak of Starlight {rElec rC+ EV+4 Stlth--}
   (You bought it in a shop on level 4 of the Shoals)

   It affects your evasion (+4).
   It protects you from cold.
   It insulates you from electricity.
   It makes you much less stealthy.
 D - a +2 pair of boots of flying (worn)
 K - a +2 hat of magic resistance (worn)
 N - the +5 pair of gloves of Vixtoz (worn) {SInv}
   (You found it on level 10 of the Dungeon)

   It lets you see invisible.
 T - the +1 cloak of the Assorted Beggars (worn) {rPois rF+++ Str-3 Int-2}
   (You found it on level 6 of the Pits of Slime)

   It affects your strength (-3).
   It affects your intelligence (-2).
   It renders you almost immune to fire.
   It protects you from poison.
 X - the +5 buckler "Kehau" (worn) {rElec Str+3 Stlth+}
   (You acquired it in an ice cave)

   It affects your strength (+3).
   It insulates you from electricity.
   It makes you more stealthy.
Rods
 A - a +1 rod of shadows (16/16)
   (You found it on level 5 of the Dungeon)
 E - a +5 lightning rod (10/10)
   (You found it on level 5 of the Depths)
Jewellery
 f - a +6 amulet of reflection (around neck)
 n - the ring of Xodet (right hand) {*Drain EV+3 Dex+3 Slay+3}
   (You bought it in a shop on level 1 of the Vaults)

   [ring of evasion]

   It affects your evasion (+3).
   It affects your dexterity (+3).
   It affects your accuracy and damage with ranged weapons and melee attacks
   (+3).
   It causes draining when unequipped.
 q - the ring of a Thousand Souls {rC++ Stlth+}
   (You found it on level 3 of the Realm of Zot)

   [ring of stealth]

   It greatly protects you from cold.
   It makes you more stealthy.
 L - a +5 ring of protection (left hand)
Wands
 e - a wand of flame (16/48)
 F - a wand of iceblast (7/15)
 H - a wand of teleportation (5/9)
 Q - a wand of digging (12/24)
 V - a wand of disintegration (10/24)
Scrolls
 d - a scroll of enchant weapon
 g - 12 scrolls of blinking
 h - a scroll of enchant armour
 i - 17 scrolls of remove curse
 l - a scroll of summoning
 m - a scroll of magic mapping
 o - 14 scrolls of teleportation
 t - 7 scrolls of fog
 G - a scroll of silence
 J - 9 scrolls of recharging
 M - 2 scrolls of identify
 R - 3 scrolls of fear
Potions
 j - 13 potions of flight
 s - 4 potions of resistance
 u - 13 potions of curing
 v - 4 potions of ambrosia
 w - 6 potions of heal wounds
 I - 5 potions of might
 O - 2 potions of agility
 P - a potion of invisibility
 S - 2 potions of magic
 U - 3 potions of cure mutation
 Y - 4 potions of cancellation
 Z - 3 potions of brilliance
Miscellaneous
 x - a box of beasts
 y - a legendary deck of summoning {drawn: 1}
 B - a lamp of fire
 C - a phial of floods
Comestibles
 a - 37 bread rations
 b - 6 royal jellies
 c - 5 beef jerkies
 k - 33 fruits
 z - 17 slices of pizza
 W - 2 meat rations


   Skills:
 + Level 21.9 Fighting
 + Level 22.5 Dodging
 - Level 1.7 Stealth
 - Level 4.0 Shields
 + Level 23.5 Unarmed Combat
 - Level 11.5 Spellcasting
 - Level 9.0 Charms
 + Level 15.2 Translocations
 - Level 16.2 Transmutations
 - Level 11.9 Air Magic
 - Level 9.9 Earth Magic
 - Level 10.2 Invocations
 - Level 10.5 Evocations


You had 22 spell levels left.
You knew the following spells:

 Your Spells              Type           Power        Failure   Level  Hunger
a - Dragon Form           Trmt           ######....   1%          7    ######.
b - Apportation           Tloc           ######....   0%          1    None
c - Deflect Missiles      Chrm/Air       #####.....   4%          6    #####..
d - Regeneration          Chrm/Necr      ####......   1%          3    None
e - Passwall              Trmt/Erth      ######....   0%          2    None
f - Statue Form           Trmt/Erth      ######...    1%          6    #####..
g - Blink                 Tloc           N/A          0%          2    None


Dungeon Overview and Level Annotations

Branches:
Dungeon (15/15)            Temple (1/1) D:6            Lair (8/8) D:9
 Shoals (4/4) Lair:6       Spider (0/4) Lair:5        Slime (6/6) Lair:7
    Orc (2/2) D:10            Elf (3/3) Orc:2        Vaults (4/5) D:13
  Crypt (3/3) Vaults:3       Tomb (0/3) Crypt:3      Depths (5/5) D:15
    Zot (5/5) Depths:5

Altars:
Ashenzari
Cheibriados
Dithmenos
Elyvilon
Fedhas
Gozag
Kikubaaqudgha
Makhleb
Nemelex Xobeh
Okawaru
Pakellas
Qazlal
Ru
Sif Muna
Trog
Vehumet
Xom
Yredelemnul
Zin
The Shining One
Beogh

Shops:
D:13 ?   Orc:1 %   Orc:2 [((==   Elf:2 *   Shoals:4 [   Vaults:1 =   Vaults:2 :
Vaults:4 *   Depths:4 *

Portals:
Hell: Lair:8 Depths:1 Depths:2 Depths:3 Depths:4 Depths:5
Abyss: Depths:4
Pandemonium: Depths:1 Depths:3
Ziggurat: Depths:5

Annotations:
Elf:2 3 runed doors


Innate Abilities, Weirdness & Mutations

You can breathe blasts of scalding, opaque steam.
Your pale cyan-grey scales are hard (AC +13).
Your body does not fit into most forms of armour.
You are cold-blooded and may be slowed by cold attacks.
Your large and strong wings let you fly indefinitely.
Your skin changes colour to match your surroundings (Stealth).
You are agile. (Dex +2)
Scrolls take you a little longer to read.
You possess an exceptional clarity of mind.
Your flesh is cold resistant.
Your magical capacity is extremely low (-30% MP).
Your system is resistant to poisons.
You are covered in fur (AC +1).
You are weak. (Str -2)
Your spells are a little easier to cast, but a little less powerful.


Message History

You pummel the neqoxec!! You tail-slap the neqoxec!
You kill the neqoxec!
Cheibriados thoroughly appreciates the change of pace.
The red devil misses you.
You pummel the red devil!! You tail-slap the red devil.
The red devil is almost dead.
You block the red devil's attack.
You pummel the red devil!!
You kill the red devil!
Cheibriados appreciates the change of pace.
You hear a splash.
No target in view!
No target in view!
No target in view!
A smoke demon comes into view.
There is a staircase leading out of the dungeon here.
You pulverise the smoke demon!!!
You kill the smoke demon!
Cheibriados appreciates the change of pace.
You have escaped!

.# #.# ##.........## .# #.#
##.....≈.....## .# #.#
##.....≈≈≈.....## ## #.#
##.....≈≈≈≈≈.....## #
#.###.....≈.....≈.....## #
####.....≈≈≈...≈≈≈.....## ##
##.....≈≈≈≈≈.≈≈≈≈≈.....## .#
##.(...≈...........≈.....## >#
#.....≈≈≈....@....≈≈≈.....# .#
#....≈≈≈≈≈.......≈≈≈≈≈....# .#
#)..≈.....≈.....≈.....≈...# .#
#..≈≈≈...≈≈≈...≈≈≈...≈≈≈..#
.###.)≈≈≈≈.≈≈≈≈≈.≈≈≈≈≈.≈≈≈≈≈.#
.............................#
.##..............#############
.################# .#


There were no monsters in sight!

Vanquished Creatures
  the Royal Jelly (Slime:6)
  2 pandemonium lords (Depths:1)
  9 orbs of fire
  Mara (Depths:4)
  6 ancient liches
  Sojobo (Vaults:2)
  Saint Roka (Orc:2)
  2 Killer Klowns (Zot:5)
  5 curse toes
  A caustic shrike (Depths:4)
  6 golden dragons
  A profane servitor (D:5)
  A bone dragon (Abyss:2)
  7 electric golems
  13 tentacled monstrosities
  A Brimstone Fiend (D:11)
  Jorgrun (Shoals:4)
  7 liches
  28 Orb Guardians
  Asterion (Vaults:1)
  2 deep elf blademasters (Elf:3)
  A deep elf master archer (Elf:3)
  A titan (Vaults:3)
  A kraken (Shoals:4)
  8 ancient champions
  8 acid blobs
  4 death cobs
  2 tentacled starspawn
  An Executioner (Abyss:3)
  An eldritch tentacle (WizLab)
  6 shadow dragons
  12 storm dragons
  3 sphinxes
  Ilsuiw (Shoals:4)
  3 tengu reavers
  2 revenants (Crypt:3)
  4 azure jellies
  5 draconian monks
  8 frost giants
  10 fire giants
  3 iron dragons
  12 deep elf sorcerers
  Wiglaf (Vaults:1)
  A draconian knight (Zot:4)
  5 draconian scorchers
  Louise (Elf:1)
  13 vault wardens
  A balrug (D:7)
  A caustic shrike zombie (Depths:4)
  2 draconian shifters
  2 spriggan defenders (Depths:4)
  2 draconian zealots
  2 curse skulls
  7 deep elf elementalists
  4 draconian annihilators
  10 ironheart preservers
  9 very ugly things
  4 ghouls
  2 war gargoyles (Vaults:1)
  4 vampire knights
  A salamander stormcaller (Vaults:1)
  10 black draconians
  9 deep elf demonologists
  26 stone giants
  A dire elephant (Lair:8)
  A draconian caller (Zot:2)
  6 green draconians
  8 yellow draconians
  7 purple draconians
  5 deep elf annihilators
  4 mottled draconians
  2 lorocyprocas
  6 white draconians
  A spark wasp (Depths:4)
  2 green deaths
  4 red draconians
  5 eidola
  14 fire dragons
  15 ettins
  10 deep elf death magi
  A minotaur (Lab)
  10 merfolk javelineers
  12 vault guards
  A quicksilver dragon zombie (Crypt:1)
  10 merfolk impalers
  4 death oozes (Slime:6)
  7 crystal guardians
  A mummy priest (Crypt:3)
  13 jiangshi
  A quicksilver dragon skeleton (Crypt:2)
  13 great orbs of eyes
  Josephine (Lair:7)
  19 yaktaur captains
  7 deep elf high priests
  18 ice dragons
  3 rakshasas
  7 entropy weavers
  3 merfolk avatars
  10 hydras
  9 spriggan air magi
  13 centaur warriors
  A catoblepas (Lair:8)
  3 death knights
  3 merfolk aquamancers
  19 dancing weapons
  10 deep troll earth magi
  2 alligator snapping turtles
  11 ogre magi
  8 deep troll shamans
  5 vampire magi
  A satyr (Shoals:3)
  4 tengu warriors
  A titan zombie (Depths:1)
  2 orc high priests
  7 spriggan berserkers
  2 thrashing horrors
  6 death yaks
  A sun demon (Depths:1)
  7 soul eaters
  2 hell hogs (Depths:2)
  Sonja (Lair:4)
  16 hell knights
  A storm dragon zombie (Depths:4)
  21 deep elf knights
  8 spriggans
  The ghost of Hilldric the Cleaver, a novice HOFi of Beogh (D:7)
  43 skeletal warriors
  A wretched star (Abyss:3)
  An iron troll (Depths:1)
  2 fire crabs (Vaults:4)
  A golden dragon zombie (Crypt:2)
  A shadow wraith (WizLab)
  A salamander mystic (Depths:5)
  7 wizards
  4 unseen horrors
  2 storm dragon skeletons (Crypt:1)
  An unseen horror (shapeshifter) (Depths:1)
  9 large abominations
  A ghost moth zombie (Crypt:3)
  17 deep trolls
  7 flayed ghosts
  6 giant orange brains
  A shadow demon (D:3)
  17 sea snakes
  A golden dragon skeleton (Crypt:3)
  16 ironbrand convokers
  An obsidian statue (WizLab)
  An anaconda zombie (Crypt:1)
  7 phantasmal warriors
  15 hill giants
  20 deep elf archers
  A harpy (shapeshifter) (Vaults:4)
  28 harpies
  15 necromancers
  14 orc knights
  An infernal demonspawn (Depths:3)
  A shadow dragon skeleton (Crypt:3)
  3 frost giant zombies
  3 salamanders (Depths:5)
  16 griffons
  A sphinx skeleton (Crypt:3)
  3 wolf spiders
  10 manticores
  2 worldbinders (WizLab)
  73 deep elf magi
  6 orc sorcerers
  5 fauns
  4 oklob plants (Lair:7)
  18 moths of wrath
  2 stone giant zombies
  61 ugly things
  2 shining eyes
  12 vault sentinels
  A hornet (Vaults:3)
  11 cyclopes
  2 fire giant skeletons
  8 elephants (Lair:5)
  3 sixfirhies
  A frost giant skeleton (Crypt:3)
  3 rust devils
  3 stone giant skeletons
  11 sirens
  Psyche (D:8)
  A guardian serpent (Vaults:3)
  4 black mambas
  A torpor snail (shapeshifter) (D:13)
  4 smoke demons
  A rime drake (shapeshifter) (Vaults:3)
  A catoblepas zombie (Crypt:3)
  4 orange demons
  3 gargoyles
  An alligator snapping turtle zombie (Crypt:3)
  18 spiny frogs
  6 centaur skeletons
  3 eyes of devastation
  6 water nymphs
  A spriggan skeleton (Depths:4)
  An emperor scorpion zombie (Crypt:1)
  A shock serpent skeleton (Crypt:3)
  A green draconian zombie (Crypt:1)
  14 komodo dragons
  A black draconian zombie (Crypt:2)
  5 rime drakes
  A yaktaur (shapeshifter) (Vaults:1)
  16 freezing wraiths
  62 yaktaurs
  5 hellwings
  A grey draconian skeleton (Crypt:1)
  A demonic crawler (WizLab)
  2 kobold demonologists
  2 efreet
  An ancient zyme (Abyss:3)
  An elf skeleton (Depths:1)
  7 ice devils
  A swamp worm zombie (Crypt:3)
  7 guardian mummies (Crypt:3)
  A queen bee (shapeshifter) (Vaults:4)
  A harpy zombie (D:14)
  An entropy weaver zombie (Depths:1)
  3 human skeletons (Vaults:4)
  4 red devils
  A jumping spider (shapeshifter) (Vaults:3)
  37 merfolk
  13 trolls
  2 jumping spiders
  A sea snake skeleton (Crypt:1)
  20 two-headed ogres
  A polar bear (shapeshifter) (Vaults:2)
  15 polar bears
  6 wind drakes
  4 raiju (Abyss:3)
  70 slime creatures
  An ettin zombie (Crypt:1)
  4 boulder beetles
  A stone giant simulacrum (Crypt:2)
  23 blink frogs
  2 hydra skeletons (Crypt:1)
  9 snapping turtles
  An ice dragon zombie (Crypt:1)
  A frost giant simulacrum (Depths:4)
  A fire dragon zombie (Crypt:1)
  17 air elementals
  A centaur simulacrum (D:14)
  A human simulacrum (Vaults:4)
  20 water elementals
  14 redbacks
  2 ice dragon skeletons
  11 flying skulls
  7 ynoxinuls
  2 shadows
  A spriggan (shapeshifter) (Vaults:4)
  9 small abominations
  12 wraiths
  A fire dragon skeleton (Crypt:3)
  2 chaos spawn
  4 wyverns
  37 yaks
  4 fire elementals
  10 hippogriffs
  2 hogs (shapeshifter)
  A human (D:8)
  3 hungry ghosts
  4 golden eyes
  A black mamba skeleton (Crypt:1)
  8 vampire mosquitoes
  5 basilisks
  5 mottled dragons
  3 spatial vortices (WizLab)
  2 steam dragons
  3 neqoxecs
  Edmund (D:5)
  11 swamp worms (Lair:5)
  A deep troll zombie (Crypt:3)
  8 wargs
  2 insubstantial wisps (WizLab)
  A merfolk zombie (Crypt:2)
  2 soldier ants
  A soldier ant (shapeshifter) (Depths:4)
  24 water moccasins
  17 hell hounds
  A merfolk skeleton (Crypt:2)
  11 porcupines
  2 black bears (D:8)
  6 ice beasts
  65 orc warriors
  3 sky beasts
  3 eyes of draining
  An anubis guard zombie (Crypt:1)
  2 necrophages
  2 swamp drakes (Lair:8)
  8 wasps
  24 centaurs
  11 boggarts
  27 wolves
  42 ogres
  15 crocodiles
  5 big kobolds
  22 giant frogs
  A rime drake skeleton (Crypt:1)
  4 earth elementals
  6 scorpions
  A wyvern skeleton (D:14)
  A spriggan zombie (Crypt:2)
  10 killer bees
  11 wights
  A howler monkey (D:11)
  11 crimson imps
  2 giant frog zombies
  A wasp zombie (D:8)
  3 quasits
  3 centaur zombies
  7 hounds
  12 jellies
  38 orc priests
  36 orc wizards
  An iron imp (Abyss:2)
  15 iguanas
  A two-headed ogre skeleton (Crypt:3)
  11 worker ants
  6 lightning spires (Abyss:3)
  17 sheep
  A naga zombie (Crypt:1)
  A dwarf zombie (Crypt:2)
  2 hound zombies
  An ogre skeleton (Crypt:3)
  A hound skeleton (D:10)
  2 mummies (Crypt:3)
  2 worker ant zombies
  A howler monkey skeleton (Crypt:3)
  6 gnolls
  55 river rats
  11 adders
  8 shadow imps
  4 white imps
  An ufetubus (Depths:3)
  An ooze (D:4)
  2 adder zombies
  2 adder skeletons
  11 worms
  A dart slug (D:3)
  6 giant geckos
  176 orcs
  5 giant cockroaches
  9 goblins
  5 hobgoblins
  11 jackals
  2 quokkas
  A ball python (D:1)
  7 bats
  3 giant gecko skeletons
  4 giant newts
  A goblin skeleton (D:8)
  A goblin zombie (Crypt:1)
  2 jackal zombies
  24 kobolds
  A quokka skeleton (Crypt:2)
  A quokka zombie (D:9)
  5 rats
  3 crawling corpses (Elf:3)
  A lost soul (Crypt:3)
  2 plants (Lair:5)
2714 creatures vanquished.

Vanquished Creatures (collateral kills)
  Erolcha (D:8)
  A deep troll (D:14)
2 creatures vanquished.

Vanquished Creatures (others)
  A lich (Depths:5)
  An ironheart preserver (Vaults:4)
  A fire dragon (Vaults:1)
  2 yaktaur captains
  A vault guard (Vaults:1)
  2 centaur warriors
  2 deep elf knights (Elf:3)
  3 deep elf archers
  A salamander (Depths:3)
  A manticore (Shoals:4)
  A siren (Shoals:4)
  3 yaktaurs
  A polar bear (IceCv)
  An air elemental (Depths:3)
  A hippogriff (D:7)
  2 centaurs
  A boggart (Vaults:3)
  A river rat (Lair:7)
  An orc (D:15)
  A bush (Lair:8)
  987 eldritch tentacle segments (WizLab)
  42 fungi
  4 lost souls
  31 plants
  2 starspawn tentacles (WizLab)
  4 tentacles (Shoals:4)
1098 creatures vanquished.

Grand Total: 3814 creatures vanquished

Notes
Turn   | Place    | Note
--------------------------------------------------------------
     0 | D:1      | namelastname112 the Draconian Monk began the quest for the Orb.
     0 | D:1      | Reached XP level 1. HP: 19/19 MP: 1/1
   107 | D:1      | Reached XP level 2. HP: 24/26 MP: 2/2
   779 | D:2      | Reached skill level 5 in Unarmed Combat
   779 | D:2      | Reached XP level 3. HP: 21/31 MP: 3/3
  1516 | D:2      | Reached XP level 4. HP: 38/38 MP: 4/4
  1897 | D:3      | Found a radiant altar of Vehumet.
  2038 | D:3      | Found an iron altar of Okawaru.
  2042 | D:3      | Found a sparkling altar of Nemelex Xobeh.
  2322 | D:3      | Found an ancient bone altar of Kikubaaqudgha.
  2322 | D:3      | Found a sacrificial altar of Ru.
  2382 | D:4      | Reached skill level 6 in Unarmed Combat
  2636 | D:4      | Reached XP level 5. HP: 45/45 MP: 5/5
  2712 | D:4      | Found a burning altar of Makhleb.
  3056 | D:3      | Found a deep blue altar of Sif Muna.
  3170 | D:5      | Entered Level 5 of the Dungeon
  3215 | D:5      | Noticed Edmund
  3242 | D:5      | Killed Edmund
  3242 | D:5      | Reached skill level 7 in Unarmed Combat
  3242 | D:5      | Reached XP level 6. HP: 30/51 MP: 6/6
  3298 | D:5      | You fall through a shaft!
  3298 | D:6      | Found a staircase to the Ecumenical Temple.
  3304 | Temple   | Entered the Ecumenical Temple
  3924 | D:5      | Reached skill level 8 in Unarmed Combat
  3999 | D:5      | Identified a +0 rod of shadows (14/14) (You found it on level 5 of the Dungeon)
  4305 | D:6      | Noticed an orc warrior
  4584 | D:6      | Killed an orc warrior
  4584 | D:6      | Your scales start taking on a pale cyan-grey colour.
  4584 | D:6      | Reached XP level 7. HP: 26/57 MP: 7/7
  4614 | D:6      | Found a snail-covered altar of Cheibriados.
  4627 | D:6      | Became a worshipper of Cheibriados the Contemplative
  4627 | D:6      | Reached * piety under Cheibriados
  4627 | D:6      | Reached ** piety under Cheibriados
  4834 | D:6      | Reached skill level 9 in Unarmed Combat
  4936 | D:6      | Found a sacrificial altar of Ru.
  5202 | D:7      | Reached skill level 1 in Invocations
  5245 | D:7      | Reached XP level 8. HP: 64/66 MP: 9/9
  5257 | D:7      | Reached skill level 10 in Unarmed Combat
  5269 | D:7      | Gained mutation: You have sharp toenails. [mutagenic meat]
  5270 | D:7      | Gained mutation: Your spells are a little easier to cast, but a little less powerful. [mutagenic meat]
  5271 | D:7      | Gained mutation: Your spells are easier to cast, but less powerful. [mutagenic meat]
  5272 | D:7      | Gained mutation: You are dopey. (Int -2) [mutagenic meat]
  5273 | D:7      | Gained mutation: Your flesh is heat resistant. [mutagenic meat]
  5274 | D:7      | Gained mutation: You are clumsy. (Dex -2) [mutagenic meat]
  5301 | D:7      | Noticed Hilldric's ghost (novice HOFi)
  5324 | D:7      | Killed Hilldric's ghost
  5324 | D:7      | Reached skill level 5 in Fighting
  5679 | D:7      | Reached *** piety under Cheibriados
  5683 | D:7      | Reached XP level 9. HP: 62/74 MP: 11/11
  5824 | D:7      | Gained mutation: Your skin changes colour to match your surroundings (Stealth). [potion of mutation]
  5824 | D:7      | Lost mutation: You are clumsy. (Dex -2) [potion of mutation]
  5824 | D:7      | Gained mutation: You are covered in fur (AC +1). [potion of mutation]
  5977 | D:7      | Found a stormy altar of Qazlal.
  5983 | D:7      | Found a blossoming altar of Fedhas.
  6243 | D:7      | Found an oddly glowing altar of Pakellas.
  6243 | D:7      | Noticed an orange crystal statue
  6276 | D:8      | Gained mutation: Your flesh is cold resistant. [mutagenic meat]
  6277 | D:8      | Lost mutation: Your spells are easier to cast, but less powerful. [mutagenic meat]
  6279 | D:8      | Gained mutation: You are weak. (Str -2) [mutagenic meat]
  6311 | D:8      | Reached skill level 11 in Unarmed Combat
  6413 | D:8      | Noticed Erolcha
  6429 | D:8      | Killed Erolcha
  6433 | D:8      | Found an opulent altar of Gozag.
  6530 | D:8      | Reached skill level 5 in Dodging
  6549 | D:8      | Noticed Psyche
  6555 | D:8      | Killed Psyche
  6555 | D:8      | Reached skill level 5 in Invocations
  6581 | D:8      | Found a glowing golden altar of the Shining One.
  6623 | D:8      | Reached **** piety under Cheibriados
  6685 | D:8      | Found a runed door.
  6687 | D:8      | Noticed a gargoyle
  6694 | D:8      | Killed a gargoyle
  6694 | D:8      | Reached XP level 10. HP: 81/84 MP: 14/14
  6697 | D:8      | Found a basalt altar of Yredelemnul.
  7113 | D:9      | Found a staircase to the Lair.
  7126 | D:9      | Reached skill level 12 in Unarmed Combat
  7955 | D:10     | Entered Level 10 of the Dungeon
  8002 | D:10     | Reached ***** piety under Cheibriados
  8002 | D:10     | Reached skill level 1 in Shields
  8091 | D:10     | Noticed a wizard
  8102 | D:10     | Killed a wizard
  8157 | D:10     | Found a staircase to the Orcish Mines.
  8184 | D:10     | Noticed a hill giant
  8220 | D:10     | Killed a hill giant
  8316 | D:10     | Noticed a gargoyle
  8334 | D:10     | Killed a gargoyle
  8334 | D:10     | Reached XP level 11. HP: 90/94 MP: 16/16
  8371 | D:10     | Noticed a hill giant
  8384 | D:10     | Killed a hill giant
  8481 | D:10     | Got a smoking tin amulet
  8830 | D:10     | Identified the amulet "Jeyl" {Reflect rF- Int+3 Dex+4 SH+3 SInv} (You took it off an orc priest on level 10 of the Dungeon)
  8927 | D:10     | Noticed a large abomination
  8927 | D:10     | Noticed a large abomination
  8937 | D:10     | Killed a large abomination
  8937 | D:10     | Reached skill level 13 in Unarmed Combat
  8939 | D:10     | Noticed a large abomination
  9440 | D:10     | Killed a large abomination
  9529 | D:10     | Reached ****** piety under Cheibriados
  9824 | D:10     | Got a pair of jewelled gloves
  9840 | D:10     | Identified the +5 pair of gloves of Vixtoz {SInv} (You found it on level 10 of the Dungeon)
  9889 | D:10     | Learned a level 7 spell: Dragon Form
  9919 | D:10     | Killed a large abomination
  9970 | D:11     | Noticed a death knight
  9970 | D:11     | Noticed a hill giant
  9981 | D:11     | Killed a death knight
  9981 | D:11     | Reached skill level 1 in Spellcasting
  9981 | D:11     | Reached skill level 1 in Transmutations
  9991 | D:11     | Killed a hill giant
 10146 | D:11     | Noticed a green ugly thing
 10159 | D:11     | Killed a green ugly thing
 10307 | D:11     | Noticed an unseen horror
 10324 | D:11     | Killed an unseen horror
 10338 | D:11     | Reached XP level 12. HP: 80/104 MP: 18/18
 10507 | D:11     | Gained mutation: You are agile. (Dex +2) [mutagenic meat]
 11124 | D:12     | Noticed an eight-headed hydra
 11136 | D:12     | Killed an eight-headed hydra
 11136 | D:12     | Reached skill level 14 in Unarmed Combat
 11522 | D:13     | Found a gate to the Vaults.
 11522 | D:13     | Noticed a vault guard
 11522 | D:13     | Noticed a vault guard
 11522 | D:13     | Noticed a vault guard
 11523 | D:13     | Noticed a vault guard
 11534 | D:13     | Killed a vault guard
 11547 | D:13     | Killed a vault guard
 11907 | D:13     | Reached skill level 10 in Fighting
 11984 | D:13     | Killed a vault guard
 12216 | D:13     | Found Jiuzabij's Magic Scroll Shop.
 12245 | D:13     | Bought a scroll of teleportation for 39 gold pieces
 12293 | D:13     | Noticed a centaur warrior
 12306 | D:13     | Killed a centaur warrior
 12306 | D:13     | Reached skill level 5 in Transmutations
 12536 | D:13     | Reached XP level 13. HP: 113/113 MP: 19/19
 12704 | D:13     | Reached skill level 5 in Spellcasting
 12938 | D:13     | Killed a vault guard
 12972 | D:14     | Found a frozen archway.
 12979 | IceCv    | Entered an ice cave
 13395 | IceCv    | Identified a scroll of acquirement
 13398 | IceCv    | Got a pitted buckler
 13409 | IceCv    | Identified the +5 buckler "Kehau" {rElec Str+3 Stlth+} (You acquired it in an ice cave)
 13571 | IceCv    | Noticed a frost giant
 13592 | IceCv    | Killed a frost giant
 13598 | IceCv    | Reached skill level 15 in Unarmed Combat
 15273 | D:14     | Found a portal to a secret trove of treasure.
 15521 | Trove    | Entered a treasure trove
 15536 | Trove    | Got a clouded ruby amulet
 15537 | Trove    | Identified the amulet "Koomeep" {Faith MR+ Str+3 Stlth-} (You found it in a treasure trove)
 15676 | D:15     | Entered Level 15 of the Dungeon
 15920 | D:15     | Noticed an ettin
 16294 | Orc:1    | Entered Level 1 of the Orcish Mines
 16297 | Orc:1    | Found Zedd's Food Shop.
 16307 | D:10     | Reached skill level 10 in Invocations
 16407 | D:10     | Reached XP level 14. HP: 73/121 MP: 23/25
 17617 | Orc:2    | Entered Level 2 of the Orcish Mines
 17831 | Orc:2    | Found a roughly hewn altar of Beogh.
 17832 | Orc:2    | Found Xiacyamm's Jewellery Shop.
 18127 | Orc:2    | Found a roughly hewn altar of Beogh.
 18164 | Orc:2    | Found a roughly hewn altar of Beogh.
 18220 | Orc:2    | Found Ceufieba's Jewellery Boutique.
 18288 | Orc:2    | Found a roughly hewn altar of Beogh.
 18351 | Orc:2    | Noticed Saint Roka
 18583 | Orc:2    | Found a staircase to the Elven Halls.
 18719 | Orc:2    | Killed Saint Roka
 19099 | Orc:2    | Found a roughly hewn altar of Beogh.
 19099 | Orc:2    | Found Utinn's Antique Armour Boutique.
 19117 | Orc:2    | Found Jegyoss's Antique Weapon Shop.
 19175 | Orc:2    | Found a roughly hewn altar of Beogh.
 19339 | Orc:2    | Found a roughly hewn altar of Beogh.
 19359 | Orc:2    | Found Yggouxig's Weapon Emporium.
 19436 | Orc:2    | Bought a +6 amulet of reflection for 375 gold pieces
 19504 | Lair:1   | Entered Level 1 of the Lair of Beasts
 21291 | Lair:3   | Found a labyrinth entrance.
 21305 | Lab      | Entered a labyrinth
 21462 | Lab      | Found an exit through the horrors of the Abyss.
 21493 | Lab      | Identified Pumpikar's Tome of Moulding and Boosts
 21791 | Lair:3   | Reached skill level 10 in Transmutations
 22131 | Lair:3   | Got a polished short sword
 22132 | Lair:3   | Identified the cursed +2 short sword of the Illusory Mice {freeze, Int+4} (You found it on level 3 of the Lair of Beasts)
 22220 | Lair:4   | Noticed Sonja
 22233 | Lair:4   | Killed Sonja
 22915 | Lair:5   | Found a hole to the Spider Nest.
 23130 | Lair:5   | Reached XP level 15. HP: 126/126 MP: 28/28
 23328 | Lair:5   | Reached skill level 10 in Spellcasting
 23522 | Lair:5   | Reached skill level 10 in Dodging
 23859 | Lair:6   | Found a staircase to the Shoals.
 24037 | Lair:6   | Got a shimmering amber ring
 24038 | Lair:6   | Identified the ring "Secs" {rPois MR+} (You found it on level 6 of the Lair of Beasts)
 24820 | Lair:7   | Lost mutation: Your flesh is heat resistant. [potion of cure mutation]
 24820 | Lair:7   | Lost mutation: You are dopey. (Int -2) [potion of cure mutation]
 24820 | Lair:7   | Lost mutation: You are weak. (Str -2) [potion of cure mutation]
 25048 | Lair:7   | Noticed Josephine
 25055 | Lair:7   | Killed Josephine
 25184 | Lair:7   | Found a staircase to the Slime Pits.
 25454 | Lair:8   | Entered Level 8 of the Lair of Beasts
 25726 | Lair:8   | Found a burning altar of Makhleb.
 25934 | Lair:8   | Found a gateway to Hell.
 25945 | Lair:8   | Got a slimy demon blade
 25947 | Lair:8   | Identified the +0 demon blade of the Living Dead {flame, *Confuse +Rage rN++ Dex+4} (You found it on level 8 of the Lair of Beasts)
 27019 | D:15     | Gained mutation: Your magical capacity is low (-10% MP). [mutagenic meat]
 27020 | D:15     | Gained mutation: Your system is resistant to poisons. [mutagenic meat]
 27021 | D:15     | Lost mutation: You have sharp toenails. [mutagenic meat]
 27022 | D:15     | Lost mutation: Your spells are a little easier to cast, but a little less powerful. [mutagenic meat]
 27056 | D:15     | Reached XP level 16. HP: 134/134 MP: 8/28
 27294 | D:15     | Found a staircase to the Depths.
 27968 | Elf:1    | Entered Level 1 of the Elven Halls
 27998 | Elf:1    | Found a radiant altar of Vehumet.
 28075 | Elf:1    | Noticed Louise
 28085 | Elf:1    | Killed Louise
 29571 | Elf:2    | Found Komug's General Store.
 29678 | Elf:2    | Learned a level 1 spell: Apportation
 30009 | Elf:2    | Found a runed gate.
 30009 | Elf:2    | Found a runed gate.
 30009 | Elf:2    | Found a runed gate.
 30021 | Elf:2    | Reached XP level 17. HP: 144/144 MP: 29/29
 30079 | Elf:3    | Entered Level 3 of the Elven Halls
 30130 | Elf:3    | Learned a level 3 spell: Regeneration
 30220 | Elf:3    | Reached skill level 16 in Unarmed Combat
 30488 | Elf:3    | Reached skill level 1 in Charms
 30930 | Elf:3    | Noticed a deep elf blademaster
 30934 | Elf:3    | Killed a deep elf blademaster
 30942 | Elf:3    | Noticed a deep elf master archer
 30943 | Elf:3    | Killed a deep elf master archer
 30970 | Elf:3    | Reached skill level 5 in Charms
 31105 | Elf:3    | Noticed a deep elf blademaster
 31108 | Elf:3    | Killed a deep elf blademaster
 31154 | Elf:3    | Reached XP level 18. HP: 156/156 MP: 30/30
 31186 | Elf:3    | Got a slimy lapis lazuli ring
 31196 | Elf:3    | Got a scintillating amber ring
 31197 | Elf:3    | Identified the ring of Ricwill {Ice rN+ Str+2 Slay+2 SInv} (You took it off a deep elf demonologist on level 3 of the Elven Halls)
 31198 | Elf:3    | Identified the ring of Tyalicem {Str+5 Stlth+} (You took it off a deep elf demonologist on level 3 of the Elven Halls)
 31201 | Elf:3    | Got a scintillating ivory ring
 31202 | Elf:3    | Identified the ring "Nizupouz" {+Fly Int+4} (You took it off a deep elf demonologist on level 3 of the Elven Halls)
 31580 | Elf:3    | Identified the Volume of Fiery Confrontation
 31583 | Elf:3    | Identified the Grimoire of Good Luck
 31625 | Elf:3    | Identified the Compendium of Moulding
 31651 | Elf:3    | Learned a level 6 spell: Deflect Missiles
 31667 | Elf:3    | Identified the Volume of Excruciating Summoning
 32465 | Shoals:1 | Entered Level 1 of the Shoals
 32475 | Shoals:1 | Reached skill level 1 in Air Magic
 32567 | Shoals:1 | Gained mutation: You are very agile. (Dex +4) [potion of beneficial mutation]
 32568 | Shoals:1 | Gained mutation: You are robust (+10% HP). [potion of beneficial mutation]
 33879 | Shoals:3 | Reached skill level 5 in Air Magic
 34258 | Shoals:4 | Entered Level 4 of the Shoals
 34438 | Shoals:4 | Noticed Ilsuiw
 34462 | Shoals:4 | Reached XP level 19. HP: 117/179 MP: 31/31
 34468 | Shoals:3 | Reached skill level 15 in Dodging
 34757 | Shoals:4 | Killed Ilsuiw
 34969 | Shoals:4 | Noticed Jorgrun
 34977 | Shoals:4 | Killed Jorgrun
 35006 | Shoals:4 | Found Vaap's Armour Emporium.
 35037 | Shoals:4 | Bought the +2 cloak of Starlight {rElec rC+ EV+4 Stlth--} for 693 gold pieces
 35261 | Shoals:4 | Reached skill level 17 in Unarmed Combat
 35288 | Shoals:4 | Got a barnacled rune of Zot
 36679 | Vaults:1 | Entered Level 1 of the Vaults
 36769 | Vaults:1 | Reached skill level 1 in Evocations
 36840 | Vaults:1 | Noticed Asterion
 36849 | Vaults:1 | Killed Asterion
 37072 | Vaults:1 | Noticed Wiglaf
 37082 | Vaults:1 | Killed Wiglaf
 37461 | Vaults:1 | Reached XP level 20. HP: 191/191 MP: 31/31
 37705 | Vaults:1 | Reached skill level 5 in Evocations
 37797 | Vaults:1 | Found Wofux's Jewellery Emporium.
 37805 | Vaults:1 | Bought the ring of Xodet {*Drain EV+3 Dex+3 Slay+3} for 578 gold pieces
 38337 | Vaults:2 | Cast into level 3 of the Abyss (a deep elf demonologist)
 38614 | Abyss:3  | Found a corrupted altar of Lugonu.
 38645 | Abyss:3  | Got an abyssal rune of Zot
 38734 | Vaults:2 | Escaped the Abyss
 39088 | Vaults:2 | Noticed Sojobo
 39099 | Vaults:2 | Killed Sojobo
 39114 | Vaults:2 | Found Mazapred's Book Shop.
 39131 | Vaults:2 | Paralysed by an ogre mage for 6 turns
 39986 | Vaults:3 | Reached skill level 15 in Fighting
 39990 | Vaults:3 | Reached skill level 18 in Unarmed Combat
 40056 | Vaults:3 | Found a staircase to the Crypt.
 40442 | Vaults:3 | Reached XP level 21. HP: 114/202 MP: 32/32
 40896 | Vaults:3 | Identified a +1 pair of boots of running (You found it on level 3 of the Vaults)
 41164 | Vaults:3 | Got a smoking marble ring
 41165 | Vaults:3 | Identified the ring "Sust" {rPois Dex+4} (You found it on level 3 of the Vaults)
 41765 | Vaults:3 | Cast into level 2 of the Abyss (a deep elf demonologist)
 41765 | Abyss:2  | Found a corrupted altar of Lugonu.
 41984 | Vaults:3 | Escaped the Abyss
 42614 | Vaults:4 | Found Binwax's Assorted Antiques.
 42670 | Vaults:4 | Reached skill level 10 in Evocations
 43567 | Crypt:1  | Entered Level 1 of the Crypt
 43609 | Crypt:1  | Reached XP level 22. HP: 74/214 MP: 29/33
 43984 | Crypt:1  | Learned a level 2 spell: Passwall
 44307 | Crypt:2  | Reached skill level 19 in Unarmed Combat
 44745 | Crypt:3  | Entered Level 3 of the Crypt
 45049 | Crypt:3  | Found a staircase to the Tomb.
 45485 | Crypt:3  | Noticed a curse toe
 45501 | Crypt:3  | Killed a curse toe
 45843 | Crypt:3  | Noticed a curse toe
 45851 | Crypt:3  | Killed a curse toe
 46057 | Crypt:3  | Got a twitching tin ring
 46058 | Crypt:3  | Identified the ring of Veuss {*Drain rElec rN+ Str+8 Int+4 Dex-2} (You took it off an ancient champion on level 3 of the Crypt)
 46295 | Crypt:3  | Got a heavily runed turquoise ring
 46296 | Crypt:3  | Identified the ring of Neptistre {rC+ rN+ Str+2} (You found it on level 3 of the Crypt)
 46302 | Crypt:3  | Got a twitching marble ring
 46303 | Crypt:3  | Identified the ring "Toj Zohi" {*Drain rPois rN++ Int+4} (You found it on level 3 of the Crypt)
 46309 | Crypt:3  | Got a flickering platinum ring
 46311 | Crypt:3  | Identified the ring "Bauhaeg" {*Contam rElec rF+ rN+ SInv} (You found it on level 3 of the Crypt)
 46613 | Crypt:3  | Reached XP level 23. HP: 226/226 MP: 29/34
 46918 | Depths:1 | Entered Level 1 of the Depths
 47116 | Depths:1 | Reached skill level 20 in Unarmed Combat
 47149 | Depths:1 | Cast into level 2 of the Abyss (an ogre mage)
 47158 | Depths:1 | Escaped the Abyss
 47677 | Depths:1 | Found a one-way gate leading to the halls of Pandemonium.
 48526 | Depths:2 | Found a runed door.
 49179 | Depths:2 | Identified the Papyrus of the Three Wonders
 49635 | Elf:1    | Learned a level 6 spell: Statue Form
 49981 | Slime:1  | Entered Level 1 of the Pits of Slime
 50042 | Slime:1  | Reached skill level 21 in Unarmed Combat
 50044 | Slime:1  | Reached skill level 1 in Earth Magic
 50438 | Slime:5  | Reached XP level 24. HP: 239/239 MP: 29/34
 50451 | Slime:6  | Entered Level 6 of the Pits of Slime
 50517 | Slime:6  | Noticed the Royal Jelly
 50535 | Slime:6  | Killed the Royal Jelly
 50569 | Slime:6  | Identified the Reference Book on Stolen Souls
 50614 | Slime:6  | Got a slimy rune of Zot
 50638 | Slime:6  | Got a transparent cloak
 50639 | Slime:6  | Identified the +1 cloak of the Assorted Beggars {rPois rF+++ Str-3 Int-2} (You found it on level 6 of the Pits of Slime)
 50666 | Slime:6  | Identified a +2 rod of inaccuracy (12/12) (You found it on level 6 of the Pits of Slime)
 51457 | Depths:3 | Reached skill level 5 in Earth Magic
 52001 | Depths:4 | Found a one-way gate to the infinite horrors of the Abyss.
 52341 | Depths:4 | Found Viushovu's Assorted Antiques.
 52349 | Depths:4 | Bought a potion of beneficial mutation for 1540 gold pieces
 52349 | Depths:4 | Gained mutation: Your large and strong wings let you fly indefinitely. [potion of beneficial mutation]
 52350 | Depths:4 | Gained mutation: You possess an exceptional clarity of mind. [potion of beneficial mutation]
 52400 | Depths:4 | Reached skill level 15 in Transmutations
 52628 | Depths:4 | Reached skill level 10 in Air Magic
 52692 | Depths:4 | Noticed Mara
 52700 | Depths:4 | Killed Mara
 52819 | Depths:4 | Reached XP level 25. HP: 235/248 MP: 32/34
 53308 | Depths:3 | Noticed an ancient lich
 53311 | Depths:3 | Killed an ancient lich
 53449 | Depths:5 | Entered Level 5 of the Depths
 53505 | Depths:5 | Found a magical portal.
 53508 | WizLab   | Entered The Roulette of Golubria
 53510 | WizLab   | Found a corrupted altar of Lugonu.
 53524 | WizLab   | Found a corrupted altar of Lugonu.
 53592 | WizLab   | Identified Golubria's Tome of Dislocation
 53596 | WizLab   | Learned a level 2 spell: Blink
 53727 | WizLab   | Got a smoking cloak
 53728 | WizLab   | Identified the +1 cloak of Ennui {MR++ Str+3 Dex-3} (You found it in a wizard's laboratory)
 53737 | WizLab   | Got a fine cloak
 53738 | WizLab   | Identified the +1 cloak of the Devil {rC+} (You found it in a wizard's laboratory)
 53744 | WizLab   | Got a faintly glowing cloak
 53745 | WizLab   | Identified the cursed -4 cloak "Simib Akk" {+Inv rF+ Int-5} (You found it in a wizard's laboratory)
 53784 | WizLab   | Found a corrupted altar of Lugonu.
 54303 | Depths:5 | Reached skill level 1 in Translocations
 54390 | Depths:5 | Found a gateway to a ziggurat.
 54955 | Depths:5 | Found a gate to the Realm of Zot.
 55206 | Zot:1    | Entered Level 1 of the Realm of Zot
 55230 | Zot:1    | Reached skill level 5 in Translocations
 55825 | Zot:2    | Got a pair of faintly humming gloves
 55826 | Zot:2    | Identified the +0 pair of gloves of the Gate {rF+ rN+ Str-4 Int+4} (You found it on level 2 of the Realm of Zot)
 56009 | Zot:2    | Noticed an orb of fire
 56012 | Zot:2    | Gained mutation: Your spells are a little easier to cast, but a little less powerful. [an orb of fire]
 56014 | Zot:2    | Killed an orb of fire
 56014 | Zot:2    | Reached XP level 26. HP: 261/261 MP: 29/34
 56290 | Zot:2    | Reached skill level 22 in Unarmed Combat
 56334 | Zot:2    | Reached skill level 10 in Translocations
 56587 | Zot:3    | Got a fine copper ring
 56588 | Zot:3    | Identified the ring of a Thousand Souls {rC++ Stlth+} (You found it on level 3 of the Realm of Zot)
 56830 | Zot:3    | Wingboner: >бледное дрмо
 56842 | Zot:3    | namelastname112: оче мощный парень вышел кстати
 56842 | Zot:3    | namelastname112: такие-то статы
 56842 | Zot:3    | namelastname112: 31/43/20
 56918 | Zot:3    | Noticed an orb of fire
 56923 | Zot:3    | Lost mutation: You are robust (+10% HP). [an orb of fire]
 56925 | Zot:3    | Gained mutation: Scrolls take you a little longer to read. [an orb of fire]
 56927 | Zot:3    | Killed an orb of fire
 57012 | Zot:3    | Wingboner: Ловкости перебор.
 57141 | Zot:4    | namelastname112: это да
 57186 | Zot:4    | Wingboner: Вот у меня, кстати, обычно как раз ближе к тому, что ты написал.
 57256 | Zot:4    | namelastname112: ну
 57256 | Zot:4    | namelastname112: ты не дракон
 57257 | Zot:4    | namelastname112: обычно
 57362 | Zot:4    | namelastname112: плюс ты заядлый чеит
 57723 | Zot:5    | Entered Level 5 of the Realm of Zot
 58303 | Zot:5    | Noticed an ancient lich
 58316 | Zot:5    | Killed an ancient lich
 58340 | Zot:5    | Noticed an ancient lich
 58349 | Zot:5    | Killed an ancient lich
 58383 | Zot:5    | Noticed an orb of fire
 58386 | Zot:5    | Killed an orb of fire
 58495 | Zot:5    | Noticed an ancient lich
 58510 | Zot:5    | Killed an ancient lich
 58519 | Zot:5    | Noticed an ancient lich
 58522 | Zot:5    | Killed an ancient lich
 58522 | Zot:5    | Reached XP level 27. HP: 242/249 MP: 32/34
 58624 | Zot:5    | Noticed an orb of fire
 58624 | Zot:5    | Gained mutation: Your magical capacity is very low (-20% MP). [an orb of fire]
 58630 | Zot:5    | Killed an orb of fire
 58634 | Zot:5    | Noticed an orb of fire
 58634 | Zot:5    | Lost mutation: You are very agile. (Dex +4) [an orb of fire]
 58643 | Zot:5    | Killed an orb of fire
 58658 | Zot:5    | Noticed an ancient lich
 58674 | Zot:5    | Killed an ancient lich
 58693 | Zot:5    | Noticed an orb of fire
 58695 | Zot:5    | Gained mutation: Your magical capacity is extremely low (-30% MP). [an orb of fire]
 58696 | Zot:5    | Noticed an orb of fire
 58697 | Zot:5    | Killed an orb of fire
 58702 | Zot:5    | Gained mutation: You are weak. (Str -2) [an orb of fire]
 58704 | Zot:5    | Killed an orb of fire
 58707 | Zot:5    | Reached skill level 23 in Unarmed Combat
 58729 | Zot:5    | Noticed an orb of fire
 58753 | Zot:5    | Killed an orb of fire
 59117 | Zot:5    | Noticed an orb of fire
 59130 | Zot:5    | Killed an orb of fire
 59224 | Zot:5    | Got the Orb of Zot
 59485 | Depths:4 | Wingboner: Вот на такое, кстати, какая нибудь девочка-волшебница может влететь серьёзно. Выходишь на уровень вверх, а там клетка с тентаклем.
 59486 | Depths:4 | Wingboner: А ты без маны и побитый.
 59487 | Depths:4 | Wingboner: И тебя за жопу хватают.
 59498 | Depths:3 | Wingboner: Не блинкнуть, не уйти по лестнице.
 59546 | Depths:2 | namelastname112: и не копнуть даже
 59561 | Depths:1 | Noticed Pixik the pandemonium lord
 59571 | Depths:1 | Killed Pixik the pandemonium lord
 59586 | Depths:1 | Noticed Fyreisel the pandemonium lord
 59595 | Depths:1 | Killed Fyreisel the pandemonium lord
 59595 | Depths:1 | Reached skill level 15 in Translocations
 60039 | D:3      | Wingboner: Внезапно понял, что это значит, что у девочек-волшебниц *боязнь тентаклей в замкнутых пространствах*, взоржал.
 60089 | D:3      | namelastname112: последнее время мне очень нравится пасвол
 60089 | D:3      | namelastname112: хороший спелл
 60154 | D:$      | Escaped with the Orb!

Vault maps used:
D:1:      onia_arrival_pyramid, supply_closet_lemuel, minmay_misc_feat_columns
D:2:      small_statue_intersection
D:3:      nicolae_overflow_hidden_temple, gammafunk_temple_overflow_pools
D:4:      bloody_makhleb
D:5:      first_bread, uniq_edmund
D:6:      lemuel_round_altar, minmay_temple_entry_glass, minmay_holes,
          minmay_misc_feat_room, nicolae_ru_awakened_eye
D:7:      grunt_temple_overflow_forces_of_nature,
          gammafunk_pakellas_statue_experiment
D:8:      lemuel_round_altar, nicolae_gozag_cash_rules_everything_around_me,
          grunt_pizzeria, dk_yredelemnul_ordeal, uniq_erolcha, uniq_psyche
D:9:      minmay_lair_entry_grove, minmay_misc_feat_enclosed,
          kennysheep_generic_room_4
D:10:     hiddenorc2_lemuel, laboratory
D:11:     kennysheep_small_circle
D:13:     lightli_vaults_fourway_checkpoint, serial_shops, nicolae_shop_trees
D:14:     enter_trove_1, portal_ice_cave_entry_pillars_02, feat_on_display
D:15:     hangedman_depths_entry_civil_slaughter, serial_bayou_shore_a
Temple:   nicolae_temple_no_exploring_needed
Lair:1:   minivault_19
Lair:2:   lemuel_fruit_tree, grunt_megastairs_4
Lair:3:   lab_entry_generic
Lair:4:   serial_bayou_crossing, grunt_megastairs_1, uniq_sonja
Lair:5:   spider_nest_entry_webs, worms_lemuel, grunt_megastairs_2
Lair:6:   dragon1_lemuel, elwin_shoals_entry_rocks
Lair:7:   minmay_slime_entry_oklob_enclosed, uniq_josephine
Lair:8:   evil_forest, guppyfry_lair_drakes
Shoals:4: shoals_end_simple, shoals_ilsuiw_ice, serial_shops, shop,
          nicolae_shoals_kraken_intersection, uniq_jorgrun
Orc:1:    minmay_goldmine, serial_shops, nicolae_shop_statue_plus,
          nicolae_orc_pool_cavern
Orc:2:    grunt_orc_community_town_hall, grunt_orc_community_big_house_2,
          grunt_orc_community_big_house_1, grunt_orc_community_house_2,
          grunt_orc_community_house_2, grunt_orc_community_house_3,
          grunt_orc_community_house_3, grunt_orc_community_house_1,
          serial_shops, nicolae_shop_trees, nicolae_orc_rockfall
Elf:1:    eino_elf_arrival_altar, minivault_28, hangedman_decor_cross_pass,
          uniq_louise
Elf:2:    serial_shops, nicolae_shop_crystal, hangedman_elf_simple_split,
          spider_trap
Elf:3:    minmay_elf_hall_golems, st_stairs_12
Vaults:1: v_rooms_3, nicolae_vaults_alarming, hangedman_vaults_variations,
          ontoclasm_vaults_idyll, nicolae_vaults_big_ls,
          nicolae_vaults_disjoint_gnomons, st_octagons_1,
          nicolae_vaults_big_angled_halls, nicolae_vaults_mini_display_case,
          vaults_room_semicircle, vaults_dpeg_spiral, vaults_room_pool,
          vaults_room_grid, vaults_room_door_ring, serial_shops, shop,
          uniq_wiglaf, uniq_asterion
Vaults:2: vaults_room_fours, nicolae_vaults_yaktaur_gun_rack,
          hangedman_vaults_stitches, nicolae_vaults_border_crossing, v_rooms_5,
          ontoclasm_vaults_decontamination, grunt_vaults_hallway_short,
          vaults_dpeg_ring, ontoclasm_vaults_ring_small,
          vaults_room_fancy_cross, ontoclasm_vaults_loading_screen,
          hangedman_vaults_trim, nicolae_vaults_ring_of_whatevers, serial_shops,
          nicolae_shop_statue_plus, uniq_sojobo
Vaults:3: v_alt_pattern_6, vaults_room_ringed_pool, st_greater_box_4, v_rooms_6,
          hangedman_vaults_slither, v_misc_31, nicolae_vaults_little_squares_4,
          minmay_crypt_entry_nasty_monster, ontoclasm_vaults_ligature,
          nicolae_vaults_shelves_hall, nicolae_vaults_circle_grid_b,
          nicolae_vaults_sealed_display, nicolae_vaults_asterisk,
          nicolae_vaults_angled_halls, vaults_room_fours, vaults_room_pools
Vaults:4: hangedman_vaults_locks, v_rooms_5, grunt_vaults_funnel,
          hangedman_vaults_unwind, vaults_dpeg_cross, hangedman_vaults_capsules,
          v_misc_26, st_smaller_cells, v_misc_25, serial_ice_h,
          nicolae_vaults_little_squares_1, serial_shops,
          nicolae_shop_overgrown_old_shop
Crypt:1:  serial_sigils_hangedman_gnaw, minicrypt_bobbens
Crypt:2:  eino_tiny_chamber, st_stairs_3
Crypt:3:  david_glass_crypt, tomb_entry_sphere_bobbens, fountainhead,
          grunt_ministairs_10
Depths:1: abandoned_shop, rand_demon_pan_entry_9, hell_entry,
          nrook_pool_corridor, kennysheep_generic_room_11
Depths:2: mludivico_vault, grunt_hell_horde, infiniplex_staircase_door_maze,
          kennysheep_random_hallway, serial_bayou_shore_b
Depths:3: minmay_diamond_stairs, serial_bayou_pond_d,
          grunt_pan_entry_in_and_out, hell_entry
Depths:4: minmay_nested_s, kennysheep_nondescript, pf_hell_entry_tar_spiral,
          serial_shops, nicolae_shop_temple_entry_statues_fountains,
          abyss_entry, grunt_ministairs_10, minmay_staircase_windowed_small,
          firewood_loft, uniq_mara
Depths:5: evilmike_zot_entry_hall, enter_ziggurat_a, mu_enter_wizlab_7,
          grunt_hell_entry_dis_grunt, serial_bayou_pond_d,
          serial_co_window_serial, co_window_paths_a,
          co_window_of_opportunity_a, co_window_paths_a, co_window_paths_b,
          co_window_paths_a, co_window_paths_c, co_window_corner_b,
          co_window_2corner, co_window_paths_e, glass_columns_a, glass_columns_b
Zot:4:    lemuel_elevator
Zot:5:    grunt_ministairs_9
Abyss:2:  evilmike_abyss_exit_chaos
Abyss:3:  abyss_furniture_001, evilmike_abyss_exit_vortex,
          hangedman_abyss_river_spirits, hangedman_abyss_or_decor_stagger
Lab:      nicolae_lab_checkerboard, nicolae_lab_diamond, nicolae_lab_grate,
          labyrinth_fake_exit, lab_block, nicolae_lab_big_swirl
Trove:    trove_simple
IceCv:    ice_cave_caverns_03
WizLab:   wizlab_golubria

Skill      XL: |  1  2  3  4  5  6  7  8  9 10 11 12 13 14 15 16 17 18 19 20 21 22 23 24 25 26 27 |
---------------+----------------------------------------------------------------------------------+-----
Unarmed Combat | 5 6 7 8 9 10 11 12 13 14 15 16 17 18 19 21 22 23 | 23.5
Invocations    | 1 3 5 6 8 9 10 | 10.2
Dodging        | 3 4 5 6 7 8 9 10 12 13 14 16 17 18 19 20 21 22 | 22.5
Fighting       | 5 6 8 9 10 11 12 13 14 15 16 17 18 19 20 21 | 21.9
Shields        | 2 4 |  4.0
Spellcasting   | 2 4 7 9 11 | 11.5
Transmutations | 2 5 7 10 12 14 15 16 | 16.2
Charms         | 5 8 9 |  9.0
Air Magic      | 5 7 10 11 | 11.9
Evocations     | 4 8 10 | 10.5
Earth Magic    | 2 8 9 |  9.9
Translocations | 9 13 15 | 15.2
Stealth        | |  1.7

Action                   |  1- 3 |  4- 6 |  7- 9 | 10-12 | 13-15 | 16-18 | 19-21 | 22-24 | 25-27 || total
-------------------------+-------+-------+-------+-------+-------+-------+-------+-------+-------++-------
Melee: Unarmed           |    88 |       |   141 |   625 |  1591 |   649 |  1046 |  1188 |  1115 ||  6443
       Dagger            |    25 |   137 |     2 |       |       |       |       |       |       ||   164
       Staff             |       |       |       |       |    14 |       |       |       |       ||    14
 Cast: Dragon Form       |       |       |       |       |    34 |    60 |    77 |    39 |       ||   210
       Regeneration      |       |       |       |       |       |     3 |    15 |    14 |     7 ||    39
       Deflect Missiles  |       |       |       |       |       |     1 |    12 |     4 |     7 ||    24
       Passwall          |       |       |       |       |       |       |       |     8 |    13 ||    21
       Statue Form       |       |       |       |       |       |       |       |    14 |    38 ||    52
Invok: Slouch            |       |       |       |     1 |     3 |       |     2 |       |       ||     6
       Temporal Distorti |       |       |       |       |       |     2 |       |     1 |       ||     3
       Step From Time    |       |       |       |       |       |       |     1 |       |       ||     1
 Abil: Breathe Steam     |       |       |    15 |    37 |     5 |     3 |     3 |     3 |       ||    66
       End Transformatio |       |       |       |       |       |       |     1 |       |       ||     1
       Fly               |       |       |       |       |       |       |       |     1 |       ||     1
Evoke: Rod               |       |       |     3 |       |     2 |       |       |       |       ||     5
       Wand              |       |       |       |     2 |     1 |     5 |       |     2 |     2 ||    12
       Deck              |       |       |       |       |       |       |     1 |       |       ||     1
  Use: Scroll            |       |    14 |     7 |     9 |    18 |    15 |    10 |    10 |    10 ||    93
       Potion            |       |     1 |     2 |     1 |     4 |     2 |       |     9 |       ||    19
 Stab: Sleeping          |     4 |     4 |     4 |    34 |    51 |     5 |    11 |     6 |    12 ||   131
       Invisible         |       |     1 |       |       |       |       |       |       |       ||     1
       Distracted        |       |       |       |     6 |     7 |     5 |     4 |     8 |     3 ||    33
       Fleeing           |       |       |       |       |     1 |       |       |       |       ||     1
  Eat: Chunk             |     2 |     9 |    18 |     9 |    34 |    25 |    35 |    17 |     9 ||   158
       Meat ration       |       |       |       |     2 |     3 |     1 |     2 |     3 |     4 ||    15
       Royal jelly       |       |       |       |       |       |     1 |     2 |     1 |       ||     4
       Beef jerky        |       |       |       |       |       |     1 |       |     1 |     1 ||     3
       Fruit             |       |       |       |       |       |       |     1 |       |       ||     1
       Pizza             |       |       |       |       |       |       |       |     1 |       ||     1
